 Dungeon Crawl Stone Soup version 0.25-a0-705-ge9988fc0fb (webtiles) character file.

Game seed: 7930730141773721796, levelgen mode: deterministic

1351 Mehrunes the Grave Robber (level 8, 0/60 HPs)
             Began as a Mummy Necromancer on Apr 4, 2020.
             Was an Initiate of Gozag.
             Slain by a gnoll
             ... wielding a +0 halberd
              (13 damage)
             ... on level 7 of the Dungeon.
             The game lasted 00:33:10 (8578 turns).

Mehrunes the Grave Robber (Mummy Necromancer)       Turns: 8578, Time: 00:33:11

Health: 0/60       AC:  2    Str: 12    XL:     8   Next: 36%
Magic:  2/12       EV: 14    Int: 16    God:    Gozag
Gold:   464        SH:  0    Dex: 12    Spells: 6/13 levels left

rFire    . . .     SeeInvis .   g - +3 short sword
rCold    . . .     Gourm    .   (no shield)
rNeg     + + +     Faith    .   a - +0 robe
rPois    ∞         Spirit   .   (no helmet)
rElec    .         Reflect  .   (no cloak)
rCorr    .         Harm     .   (no gloves)
MR       ++...                  (no boots)
Stlth    ++........             (no amulet)
HPRegen  0.20/turn              h - ring of protection from magic
MPRegen  0.13/turn              l - ring of fire

@: no status effects
A: no food or potions, fire vulnerability, cold resistance 1, negative energy
resistance 3, torment resistance, unbreathing
a: Potion Petition, Call Merchant, Bribe Branch, Renounce Religion


You were on level 7 of the Dungeon.
You worshipped Gozag.
Gozag was aware of your devotion.
You were not hungry.

You visited 2 branches of the dungeon, and saw 8 of its levels.
You also visited: Ossuary.

You collected 575 gold pieces.
You paid 111 gold pieces to Gozag.

Inventory:

Hand Weapons
 b - a +0 dagger
 g - a +3 short sword (weapon)
 i - a +0 rapier
 j - a +0 short sword of draining
Armour
 a - a +0 robe (worn)
Jewellery
 c - an uncursed ring of poison resistance
 f - an uncursed amulet of harm
 h - a ring of protection from magic (left hand)
 l - a ring of fire (right hand)
Wands
 m - a wand of polymorph (4)
Scrolls
 d - 4 scrolls of identify
 e - 5 scrolls of remove curse
 k - 2 scrolls of magic mapping


   Skills:
 - Level 4.0 Fighting
 - Level 1.8 Short Blades
 + Level 4.2 Dodging
 - Level 1.5 Stealth
 - Level 3.3 Spellcasting
 * Level 4.5 Conjurations
 - Level 6.1 Necromancy


You had 6 spell levels left.
You knew the following spells:

 Your Spells              Type           Power        Failure   Level  Hunger
a - Pain                  Necr           ###.         1%          1    N/A
b - Animate Skeleton      Necr           N/A          1%          1    N/A
c - Vampiric Draining     Necr           ###.......   4%          3    N/A
d - Searing Ray           Conj           ###...       4%          2    N/A

Your spell library contained the following spells:

 Spells                   Type           Power        Failure   Level  Hunger
 Magic Dart               Conj           ###.         2%          1    N/A
 Animate Dead             Necr           N/A          14%         4    N/A
 Dazzling Flash           Conj/Hex       #.....       22%         3    N/A
 Sticks to Snakes         Tmut           #.......     28%         2    N/A
 Agony                    Necr           ###.....     36%         5    N/A
 Fulminant Prism          Conj/Hex       #.........   56%         4    N/A
 Iskenderun's Mystic Bla  Conj/Tloc      #.......     56%         4    N/A
 Beastly Appendage        Tmut           Unusable     N/A         1    N/A
 Spider Form              Tmut/Pois      Unusable     N/A         3    N/A
 Ice Form                 Ice/Tmut       Unusable     N/A         4    N/A
 Blade Hands              Tmut           Unusable     N/A         5    N/A

Dungeon Overview and Level Annotations

Branches:
Dungeon (7/15)             Temple (1/1) D:5         Ossuary (visited)

Altars:
Cheibriados
Dithmenos
Elyvilon
Fedhas
Gozag
Hepliaklqana
Kikubaaqudgha
Makhleb
Okawaru
Qazlal
Ru
Uskayaw
Vehumet
Wu Jian
Xom
Zin
The Shining One

Annotations:
D:6 Maggie
D:7 Prince Ribbit


Innate Abilities, Weirdness & Mutations

You do not eat or drink.
Your flesh is vulnerable to fire.
You are immune to poison.
Your flesh is cold resistant. (rC+)
You are immune to negative energy. (rN+++)
You are immune to unholy pain and torment.
You can survive without breathing.


Message History

Items here: )))) [[ The gnoll barely misses you.
There is a stone staircase leading up here.
Casting: Pain (safe; 1% risk of failure)
Confirm with . or Enter, or press ? or * to list all spells.
Aiming: Vampiric Draining (safe; 4% risk of failure)
Press: ? - help, Shift-Dir - straight line, f - gnoll
Aim: a gnoll, wielding a +0 spear The gnoll is severely wounded.
You feel life coursing into your body. The gnoll barely misses you.
Casting: Vampiric Draining (safe; 4% risk of failure)
Confirm with . or Enter, or press ? or * to list all spells.
You don't have enough magic to cast that spell.
The gnoll hits you from afar with a +0 spear!
The gnoll hits you with a +0 spear!
The gnoll hits you from afar with a +0 spear!
* * * LOW HITPOINT WARNING * * *
The gnoll hits you from afar with a +0 halberd!
You die...
Your body crumbles into a pile of gold.

# ######.# .....####
#.##.<....# #.......#
#...))..### #.......#.#
####.##.#####.......#.#
#.##...............
#.########.......# #.#.##
#.......####
#.###.######.g......... #.#
##....[@ggg.#...##
##.###.#########...#..# #.#.#
#..###.###### #.##..#
###...#........
#.##.##########..............
#.#..........##.......######
#.#.########.#........g...#
#.#.#....##...........###.#
#.#.#._.....⌠........## #.#


You could see 4 gnolls.

Vanquished Creatures
  A hippogriff (D:7)
  2 orc warriors
  An ice beast (D:5)
  An ogre (D:5)
  A crimson imp (D:5)
  3 hounds
  2 orc priests
  A bullfrog skeleton (D:7)
  3 orc wizards
  2 gnoll shamans
  3 worker ants
  A killer bee zombie (D:7)
  A hound skeleton (D:4)
  8 gnolls
  9 adders
  2 shadow imps
  An ooze (D:5)
  An adder zombie (Ossuary)
  9 worms
  A dart slug (D:2)
  2 leopard geckos
  19 orcs
  14 giant cockroaches
  8 goblins
  8 hobgoblins
  13 jackals
  6 kobolds
  6 quokkas
  2 ball pythons
  11 bats
  5 frilled lizards
  A quokka skeleton (D:4)
  8 rats
156 creatures vanquished.

Vanquished Creatures (collateral kills)
  A dart slug (D:2)
  A giant cockroach (D:3)
  2 goblins (D:1)
  3 jackals (D:5)
7 creatures vanquished.

Vanquished Creatures (others)
  A plant (D:6)
1 creature vanquished.

Grand Total: 164 creatures vanquished

Notes
Turn   | Place    | Note
-------+----------+-------------------------------------------
     0 | D:1      | Mehrunes the Mummy Necromancer began the quest for the Orb.
     0 | D:1      | Reached XP level 1. HP: 13/13 MP: 4/4
    82 | D:1      | Learned a level 1 spell: Animate Skeleton
   195 | D:1      | You fall into a shaft and drop 1 floor!
   202 | D:2      | Reached skill level 1 in Fighting
   256 | D:2      | Found a burning altar of Makhleb.
   300 | D:1      | Reached XP level 2. HP: 21/21 MP: 3/5
  1140 | D:2      | Reached XP level 3. HP: 27/27 MP: 4/7
  1301 | D:2      | Learned a level 3 spell: Vampiric Draining
  1615 | D:2      | Reached XP level 4. HP: 29/34 MP: 0/8
  1686 | D:2      | Reached skill level 5 in Necromancy
  2212 | D:2      | You fall into a shaft and drop 2 floors!
  2248 | D:4      | Reached XP level 5. HP: 17/41 MP: 0/9
  2417 | D:4      | Learned a level 4 spell: Animate Dead
  2791 | D:4      | Reached XP level 6. HP: 36/48 MP: 3/10
  3017 | D:4      | Found a snail-covered altar of Cheibriados.
  3633 | D:3      | Reached skill level 6 in Necromancy
  5369 | D:5      | Entered Level 5 of the Dungeon
  5398 | D:5      | Reached skill level 1 in Short Blades
  5415 | D:5      | Found a sand-covered staircase.
  5424 | Ossuary  | Entered an ossuary
  5652 | D:5      | Found a staircase to the Ecumenical Temple.
  5660 | Temple   | Entered the Ecumenical Temple
  5956 | Temple   | Became a worshipper of Gozag Ym Sagoz the Greedy
  6017 | D:4      | Reached XP level 7. HP: 32/54 MP: 7/11
  6504 | D:4      | Learned a level 2 spell: Searing Ray
  6563 | D:5      | Reached skill level 1 in Conjurations
  6566 | D:5      | Found a sacrificial altar of Ru.
  6941 | D:5      | Found a snail-covered altar of Cheibriados.
  7895 | D:6      | Noticed Maggie
  7975 | D:7      | Reached XP level 8. HP: 60/60 MP: 12/12
  7986 | D:7      | Noticed a hippogriff
  8007 | D:7      | Killed a hippogriff
  8267 | D:7      | Found an ancient bone altar of Kikubaaqudgha.
  8273 | D:7      | Noticed Prince Ribbit
  8578 | D:7      | Slain by a gnoll

Levels and vault maps discovered:
D:1:      dpeg_arrival_chase, layout_basic, chequers_serial_rivers_micro_a
D:2:      layout_loops_ring, lemuel_crystal_altar, due_unseen_surprise
D:3:      minmay_roachtagon, layout_loops_ring
D:4:      layout_basic, kennysheep_mini_moat, first_ration
D:5:      layout_loops_ring, lemuel_coloured_pillars_altar,
          minmay_temple_entry_wispy, basic_altar,
          lightli_ossuary_entry_decrepit_ruins
D:6:      layout_basic, lemuel_doored_altar, kennysheep_boxes, uniq_maggie
D:7:      layout_loops_ring, kiku_gazebo_pond_becter,
          nemelex_xobeh_ov_fountains_minmay, tgw_trog, uniq_prince_ribbit1
Temple:   nicolae_temple_god_jail

Skill      XL: |  1  2  3  4  5  6  7  8 |
---------------+-------------------------+-----
Fighting       | 1 2 3 4 |  4.0
Necromancy     | 5 6 |  6.1
Spellcasting   | 3 |  3.3
Short Blades   | 1 |  1.8
Dodging        | 2 3 4 |  4.2
Conjurations   | 3 4 |  4.5
Stealth        | |  1.5

Action                   |  1- 3 |  4- 6 |  7- 9 || total
-------------------------+-------+-------+-------++-------
Melee: Dagger            |     2 |       |       ||     2
       Short sword       |     7 |   235 |    96 ||   338
       Rapier            |       |    16 |       ||    16
 Cast: Pain              |    62 |    38 |    21 ||   121
       Animate Skeleton  |    16 |    20 |       ||    36
       Vampiric Draining |       |    37 |    30 ||    67
       Animate Dead      |       |     2 |       ||     2
       Searing Ray       |       |       |     6 ||     6
Invok: Potion Petition   |       |       |     1 ||     1
Evoke: Wand              |       |     5 |       ||     5
  Use: Scroll            |     1 |     6 |     2 ||     9
 Stab: Sleeping          |       |     3 |    12 ||    15
Armor: Robe              |     3 |    41 |    19 ||    63
Dodge: Dodged            |    11 |   212 |    91 ||   314

Table legend:
 A = Non-vault XP
 B = Vault XP
 C = Vault XP percentage of total XP
 D = Non-vault monster count
 E = Vault monster count
 F = Vault count percentage of total count
                 A         B        C        D         E       F
            +---------+---------+-------+---------+---------+-------
      Total |    1908 |      23 |   1.2 |     153 |      10 |   6.1
            +---------+---------+-------+---------+---------+-------
        D:1 |      33 |       0 |   0.0 |      21 |       0 |   0.0
        D:2 |     147 |       0 |   0.0 |      28 |       0 |   0.0
        D:3 |      93 |      18 |  16.2 |      37 |       9 |  19.6
        D:4 |     300 |       0 |   0.0 |      22 |       0 |   0.0
        D:5 |     651 |       0 |   0.0 |      24 |       0 |   0.0
        D:6 |     158 |       0 |   0.0 |       7 |       0 |   0.0
        D:7 |     526 |       0 |   0.0 |      14 |       0 |   0.0
    Ossuary |       0 |       5 | 100.0 |       0 |       1 | 100.0
            +---------+---------+-------+---------+---------+-------
